 Dungeon Sprint DCSS version 0.19.0-20-gbc5f0c6 (webtiles) character file.

636 LORDOFBUTT the Unseen (level 7, -4/33 HPs)
             Began as a Spriggan Assassin on Nov 16, 2016.
             Slain by Sonja
             ... wielding a +1 short sword of distortion
              (18 damage)
             ... in the Dungeon (Sprint I: "Red Sonja").
             The game lasted 00:01:46 (171 turns).

LORDOFBUTT the Unseen (Spriggan Assassin)            Turns: 171, Time: 00:01:48

Health: -4/33      AC:  4    Str:  8    XL:     7   Next: 25%
Magic:  5/8        EV: 17    Int: 13    God:
Gold:   117        SH:  0    Dex: 18    Spells: 2 memorised, 1 level left

rFire  . . .     SeeInvis +     a - +2 dagger
rCold  . . .     Gourm    .     n - +1 robe {Archmagi}
rNeg   . . .     Faith    .     (shield restricted)
rPois  .         Spirit   .     (helmet restricted)
rElec  .         Reflect  .     d - +0 cloak
rCorr  .         Harm     .     (gloves unavailable)
MR     ++...     NoTele   +     (boots unavailable)
Stlth  +++++++...               (no amulet)
                                (no ring)
                                c - ring of protection from magic

@: very slightly contaminated, very quick
A: unfitting armour, see invisible, herbivore 3, speed 3, slow metabolism 2
a: no special abilities


You were in the Dungeon.
You were not hungry.

You visited 1 branch You collected 417 gold pieces.
You spent 300 gold pieces at shops.

Inventory:

Hand Weapons
 a - a +2 dagger (weapon)
 b - a +0 blowgun
Missiles
 e - 8 poisoned needles
 f - 2 curare-tipped needles
Armour
 d - a +0 cloak (worn)
 n - a +1 robe of the Archmagi (worn)
Jewellery
 c - a ring of protection from magic (left hand)
Wands
 p - a wand of flame (37/48)
Scrolls
 m - a scroll of blinking
Potions
 h - 2 potions of curing
 i - a potion of heal wounds
 j - a potion of haste
 k - 2 potions of magic
 l - a potion of berserk rage
Books
 o - a book of Maledictions

   Spells                             Type                      Level
   a - Corona                         Hexes                        1
   b - Ensorcelled Hibernation        Hexes/Ice                    2
   c - Confuse                        Hexes                        3
   d - Tukima's Dance                 Hexes                        3
   e - Dazzling Spray                 Conjuration/Hexes            3
Comestibles
 g - a bread ration


   Skills:
 - Level 1.5 Fighting
 + Level 10.2 Short Blades
 - Level 2.0 Throwing
 - Level 1.5 Dodging
 * Level 18.8 Stealth


You had one spell level left.
You knew the following spells:

 Your Spells              Type           Power        Failure   Level  Hunger
a - Ensorcelled Hibernat  Hex/Ice        #.....       47%         2    ###....
b - Confuse               Hex            #.......     86%         3    ####...


Dungeon Overview and Level Annotations

Branches:
Dungeon (1/1)

Altars:
Cheibriados
Dithmenos
Elyvilon
Fedhas
Gozag
Hepliaklqana
Kikubaaqudgha
Makhleb
Nemelex Xobeh
Okawaru
Qazlal
Ru
Sif Muna
Trog
Uskayaw
Vehumet
Xom
Yredelemnul
Zin
The Shining One
Jiyva
Lugonu

Shops:
D :

Annotations:
D Sonja


Innate Abilities, Weirdness & Mutations

You are very small and have problems with some larger weapons.
You are too small for most types of armour.
You have supernaturally acute eyesight. (SInv)
You are a herbivore.
You cover ground extremely quickly.
You need consume almost no food.


Message History

Sonja hits you but does no damage.
Cast which spell? (? or * to list)
The spell is very dangerous to cast!
Continue anyway?
Okay, then.
Casting: Confuse
Confirm with . or Enter, or press ? or * to list all spells.
You don't know that spell.
Casting: Confuse
Confirm with . or Enter, or press ? or * to list all spells.
The spell is very dangerous to cast!
Continue anyway?
Aiming: Confuse
Press: ? - help, Shift-Dir - straight line, f - Sonja
Aim: Sonja, wielding a short sword of distortion (chance to defeat MR: 41%)
You feel a surge of power!
You miscast Confuse.
You are very lightly contaminated with residual magic.
You hear roaring flames.
Sonja closely misses you. Sonja hits you but does no damage.
Space warps horribly around you!
Ouch! That really hurt!
You die...

#..#####'#####'#__####
#..####..#...#.####
#..#__####..##.#≈≈§
#..#_____##'#..+§§
#⌠⌠#_.∩...'..._#
####_..__##_.#'#
#_____###'#.#
#########.###


+$@$+ #$K$# ##.## #+# You could see Sonja.

Vanquished Creatures
  A slime creature (D)
  Sigmund (D)
  A yak (D)
  An ogre (D)
  A jelly (D)
  Ijyb (D)
6 creatures vanquished.

Notes
Turn   | Place    | Note
-------+----------+-------------------------------------------
     0 | D        | LORDOFBUTT the Spriggan Assassin began the quest for the Orb.
     0 | D        | Reached XP level 1. HP: 10/10 MP: 2/2
     2 | D        | Noticed Ijyb
     5 | D        | Killed Ijyb
     5 | D        | Reached skill level 9 in Stealth
     5 | D        | Reached XP level 2. HP: 14/14 MP: 3/3
     9 | D        | Noticed an ogre
    12 | D        | Killed an ogre
    12 | D        | Reached skill level 12 in Stealth
    12 | D        | Reached XP level 3. HP: 18/18 MP: 4/4
    12 | D        | Reached XP level 4. HP: 22/22 MP: 5/5
    21 | D        | Noticed Sigmund
    33 | D        | Killed Sigmund
    33 | D        | Reached skill level 15 in Stealth
    33 | D        | Reached XP level 5. HP: 25/25 MP: 6/6
    33 | D        | Reached XP level 6. HP: 30/30 MP: 7/7
    66 | D        | Found a burning altar of Makhleb.
    66 | D        | Found a viscous altar of Jiyva.
    66 | D        | Found a shimmering altar of Xom.
    66 | D        | Found a corrupted altar of Lugonu.
    66 | D        | Noticed a slime creature
    68 | D        | Found a deep blue altar of Sif Muna.
    70 | D        | Found a radiant altar of Vehumet.
    74 | D        | Reached skill level 16 in Stealth
   100 | D        | Found Uhey's Book Emporium.
   100 | D        | Found an ancient bone altar of Kikubaaqudgha.
   100 | D        | Found a hazy altar of Hepliaklqana.
   100 | D        | Found a stormy altar of Qazlal.
   100 | D        | Found a hide-covered altar of Uskayaw.
   100 | D        | Found a blossoming altar of Fedhas.
   100 | D        | Found a bloodstained altar of Trog.
   100 | D        | Found an iron altar of Okawaru.
   100 | D        | Found a basalt altar of Yredelemnul.
   100 | D        | Found a glowing golden altar of the Shining One.
   100 | D        | Found a snail-covered altar of Cheibriados.
   100 | D        | Found a sacrificial altar of Ru.
   100 | D        | Found a glowing silver altar of Zin.
   100 | D        | Found a shadowy altar of Dithmenos.
   100 | D        | Found a white marble altar of Elyvilon.
   100 | D        | Noticed a yak
   101 | D        | Found an opulent altar of Gozag.
   102 | D        | Killed a yak
   102 | D        | Reached skill level 17 in Stealth
   103 | D        | Found a sparkling altar of Nemelex Xobeh.
   107 | D        | Bought a book of Maledictions for 300 gold pieces
   110 | D        | Learned a level 2 spell: Ensorcelled Hibernation
   114 | D        | Learned a level 3 spell: Confuse
   139 | D        | Killed a slime creature
   139 | D        | Reached skill level 10 in Short Blades
   139 | D        | Reached skill level 18 in Stealth
   139 | D        | Reached XP level 7. HP: 33/33 MP: 8/8
   167 | D        | Noticed Sonja
   171 | D        | Slain by Sonja

Skill      XL: |  1  2  3  4  5  6 |
---------------+-------------------+-----
Short Blades   | 4 6 8 10 | 10.2
Stealth        | 9 12 15 18 | 18.8
Fighting       | |  1.5
Throwing       | |  2.0
Dodging        | |  1.5

Action                   |  1- 3 |  4- 6 |  7- 9 || total
-------------------------+-------+-------+-------++-------
Melee: Dagger            |     2 |     7 |       ||     9
 Fire: Blowgun           |       |     2 |       ||     2
 Stab: Sleeping          |     2 |     3 |       ||     5
Armor: Robe              |       |       |     2 ||     2
Dodge: Dodged            |       |     3 |     2 ||     5
